 Dungeon Crawl Stone Soup version 0.31-a0-810-ga77100ea1a (webtiles) character file.

Game seed: 9599184832321806832

385 CowFu the Cleaver (level 6, 0/43 (51) HPs)
             Began as a Minotaur Fighter on Sept 21, 2023.
             Slain by a wight
             ... wielding a +3 flail
              (3 damage)
             ... on level 4 of the Dungeon.
             The game lasted 00:01:52 (2124 turns).

CowFu the Cleaver (Minotaur Fighter)                Turns: 2124, Time: 00:01:53

HP:   0/43 (51)     AC:  8    Str: 22    XL:     6   Next: 48%
MP:   5/5           EV:  9    Int:  5    God:
Gold: 113           SH:  4    Dex: 10    Spells: 5/5 levels left

rFire   . . .        a - +0 war axe
rCold   . . .        c - +0 buckler
rNeg    . . .        b - +0 scale mail
rPois   .            (helmet restricted)
rElec   .            (no cloak)
rCorr   .            (no gloves)
SInv    .            h - +0 pair of boots
Will    .....        (no amulet) Stlth
                     (no ring)
HPRegen 0.27/turn    (no ring)
MPRegen 0.09/turn

%: no passive effects
@: heavily drained
A: horns 2, retaliatory headbutt
a: no special abilities


You were on level 4 of the Dungeon.
You visited 1 branch of the dungeon, and saw 4 of its levels.

You collected 113 gold pieces.

Inventory:

Hand Weapons
 a - a +0 war axe (weapon)
 q - a +3 hand axe
Missiles
 o - a throwing net
Armour
 b - a +0 scale mail (worn)
 c - a +0 buckler (worn)
 h - a +0 pair of boots (worn)
Scrolls
 f - a scroll of identify {unknown}
 g - a scroll of immolation {unknown}
 j - a scroll of butterflies {unknown}
 l - a scroll of teleportation {unknown}
 m - a scroll of amnesia {unknown}
 n - 4 scrolls of vulnerability {unknown}
 p - a scroll of enchant armour {unknown}
Potions
 d - 2 potions of might
 e - 2 potions of resistance {unknown}
 i - a potion of mutation {unknown}
 k - 2 potions of curing {unknown}


   Skills:
 - Level 3.6 Fighting
 + Level 8.4 Axes
 - Level 3.6 Armour
 - Level 3.6 Shields


You had 5 spell levels left.
You didn't know any spells.
Your spell library was empty.

Dungeon Overview and Level Annotations

Branches:
Dungeon (4/15)
 Temple: D:4-7

Altars:
Qazlal


Innate Abilities, Weirdness & Mutations

You have a pair of horns on your head.
You reflexively headbutt those who attack you in melee.


Message History

q - a +3 hand axe
Okay, then.
HP restored.
A wight comes into view. It is wielding a +3 flail.
A wight is nearby!
You closely miss the wight. The wight hits you with a +3 flail!
You feel drained.
A wight is nearby!
You hit the wight but do no damage. The wight completely misses you.
You hit the wight.
You headbutt the wight, but do no damage.
The wight is lightly damaged.
The wight hits you with a +3 flail!
You barely miss the wight.
The wight is lightly damaged.
The wight hits you with a +3 flail.
You closely miss the wight. You headbutt the wight!
The wight is severely damaged.
The wight hits you with a +3 flail!
You feel drained. You block the wight's attack.
You are too injured to fight recklessly!
You are too injured to fight recklessly!
You are too injured to fight recklessly!
You are too injured to fight recklessly!
You are too injured to fight recklessly!
You hit the wight.
The wight is almost destroyed.
The wight barely misses you.
You closely miss the wight. Your headbutt misses the wight.
The wight is almost destroyed.
The wight hits you with a +3 flail.
* * * LOW HITPOINT WARNING * * *
You feel drained.
You barely miss the wight.
You headbutt the wight, but do no damage.
The wight is almost destroyed.
The wight hits you with a +3 flail!
* * * LOW HITPOINT WARNING * * *
You feel drained.
You die...

####.#####.#
####.......#
#......###.#
#..........#
#.#####.##.#
#.###.# .#
#....[# .
...####.# ##
#@#
#.z.....#
###...###
...# ..# ..#
.# ..


You could see a wight.

Vanquished Creatures
  Sigmund (D:2)
  A wight (D:4)
  An orc priest (D:3)
  3 orc wizards (D:3)
  2 adders
  A dart slug (D:1)
  6 orcs (D:3)
  2 ball pythons (D:2)
  2 endoplasms
  3 giant cockroaches (D:2)
  3 hobgoblins
  A quokka (D:3)
  9 bats
  3 frilled lizards
  3 goblins
  3 kobolds
  2 rats
46 creatures vanquished.

Notes
Turn   | Place    | Note
-------+----------+-------------------------------------------
     0 | D:1      | CowFu the Minotaur Fighter began the quest for the Orb.
     0 | D:1      | Reached XP level 1. HP: 19/19 MP: 0/0
    14 | D:1      | You fall into a shaft and drop 1 floor!
    68 | D:2      | Reached skill level 3 in Axes
    68 | D:2      | Reached XP level 2. HP: 10/26 MP: 1/1
   608 | D:1      | Reached skill level 4 in Axes
  1044 | D:2      | Reached XP level 3. HP: 28/31 MP: 2/2
  1270 | D:2      | Noticed Sigmund
  1274 | D:2      | Killed Sigmund
  1275 | D:2      | Reached skill level 7 in Axes
  1275 | D:2      | Reached XP level 4. HP: 13/39 MP: 3/3
  1275 | D:2      | Reached XP level 5. HP: 15/45 MP: 4/4
  1538 | D:3      | Reached XP level 6. HP: 45/51 MP: 5/5
  1798 | D:3      | Reached skill level 8 in Axes
  1973 | D:3      | Found a stormy altar of Qazlal.
  2124 | D:4      | Slain by a wight

Illustrated notes

Levels and vault maps discovered:
D:1:      heliophobic_arrival_enchanted_forest, layout_loops_corners
D:2:      layout_rooms, uniq_sigmund
D:3:      layout_rooms, nicolae_qazlal_eye_of_the_storm
D:4:      layout_loops_cross, trog_butcher_becter, uniq_eustachio

Skill      XL: |  1  2  3  4  5  6 |
---------------+-------------------+-----
Axes           | 3 4 7 8 |  8.4
Fighting       | |  3.6
Armour         | |  3.6
Shields        | |  3.6

Action                     |  1- 3 |  4- 6 || total
---------------------------+-------+-------++-------
  Melee: War axe           |    64 |    51 ||   115
         Headbutt          |    10 |    12 ||    22
    Use: Potion            |     1 |       ||     1
 Armour: Scale mail        |    66 |    47 ||   113
  Dodge: Dodged            |    43 |    17 ||    60
  Block: Buckler           |    14 |     7 ||    21

Table legend: (Time is in decaauts)
 A = Elapsed time spent in this place.
 B = Non-inter-level travel time spent in this place.
 C = Inter-level travel time spent in this place.
 D = Time resting spent in this place.
 E = Time spent auto-exploring this place.
 F = Levels seen in this place.
 G = Mean time per level.
                   A        B        C        D        E       F      G
               +--------+--------+--------+--------+--------+-----+--------+
         Total |   2153 |   2127 |     26 |      0 |   1773 |   4 |  538.2 |
       Dungeon |   2153 |   2127 |     26 |      0 |   1773 |   4 |  538.2 |
               +--------+--------+--------+--------+--------+-----+--------+

Top non-repeatable levels by time:
     D:1: 864 daAuts
     D:2: 682 daAuts
     D:3: 551 daAuts
     D:4: 54 daAuts
